 Dungeon Sprint DCSS version 0.16-a0-3841-g2612308 (console) character file.

7441 Monkaria the Fencer (level 11, -5/112 HPs)
             Began as a Hill Orc Fighter on Jan 30, 2015.
             Was a Plaything of Xom.
             Slain by a sun demon (14 damage)
             ... summoned by an orc sorcerer
             ... in the Dungeon (Sprint IX: "|||||||||||||||||||||||||||||").
             The game lasted 00:07:44 (3949 turns).

Monkaria the Fencer (Hill Orc Fighter)              Turns: 3949, Time: 00:07:45

Health: -5/112     AC: 25    Str: 23    XL:     11   Next: 15%
Magic:  11/11      EV:  7    Int:  6    God:    Xom [*.....]
Gold:   1209       SH: 11    Dex: 17    Spells: 0 memorised, 10 levels left

rFire  . . .     SeeInvis .     p - +2 scimitar (flame)
rCold  + + .     Clarity  .     s - +0 plate armour
rNeg   . . .     SustAb   .     c - +0 shield
rPois  .         Gourm    .     E - +0 helmet
rElec  .         Spirit   .     D - +0 cloak
rCorr  +         Warding  .     r - +0 pair of gloves
rMut   .         NoTele   +     q - +0 pair of boots
MR     +....                    x - amulet of Undoing {rCorr rC++ Dex+4 Slay-4}
Stlth  ..........               u - +3 ring of dexterity
                                t - +2 ring of evasion

@: very slightly contaminated, drained, somewhat resistant to hostile
enchantments, extremely unstealthy
A: large bone plates 1, blurry vision 1, dopey 1, magic resistance 1
a: Renounce Religion


You were in the Dungeon.
You worshipped Xom.
You were a special plaything of Xom.
You were hungry.

You visited 1 branch You collected 1209 gold pieces.

Inventory:

Hand weapons
 p - a +2 scimitar of flaming (weapon)
Missiles
 F - 7 tomahawks (quivered)
Armour
 c - a +0 shield (worn)
 q - a +0 pair of boots (worn)
 r - a +0 pair of gloves (worn)
 s - a +0 plate armour (worn)
 D - a +0 cloak (worn)
 E - a +0 helmet (worn)
Jewellery
 t - a +2 ring of evasion (left hand)
 u - a +3 ring of dexterity (right hand)
 x - the amulet of Undoing (around neck) {rCorr rC++ Dex+4 Slay-4}
   (You found it in the Dungeon)

   [amulet of resist corrosion]

   It protects you from acid and corrosion.
   It affects your dexterity (+4).
   It affects your accuracy and damage with ranged weapons and melee attacks
   (-4).
   It greatly protects you from cold.
Magical devices
 o - a wand of draining (0)
Scrolls
 k - a scroll of blinking
 m - 3 scrolls of remove curse
 n - 2 scrolls of amnesia
 y - 2 scrolls of identify
 z - 2 scrolls of recharging
 A - 2 scrolls of enchant weapon
Potions
 a - a potion of agility
 e - a potion of might
 f - 5 potions of curing
 g - 2 potions of heal wounds
 h - a potion of haste
 i - 4 potions of magic
 j - 3 potions of berserk rage
 l - a potion of invisibility
 v - a potion of resistance
 C - a potion of flight
Comestibles
 d - 13 meat rations
 w - 13 bread rations
 B - 40 fruits


   Skills:
 - Level 15.0(13.7) Fighting
 - Level 18.3(16.9) Long Blades
 + Level 16.0(14.7) Armour
 - Level 3.2(2.3) Shields


You had 10 spell levels left.
You didn't know any spells.

Dungeon Overview and Level Annotations

Branches:
Dungeon (1/1)

Altars:
Cheibriados
Dithmenos
Elyvilon
Fedhas
Gozag
Kikubaaqudgha
Makhleb
Nemelex Xobeh
Okawaru
Qazlal
Ru
Sif Muna
Trog
Vehumet
Xom
Yredelemnul
Zin
The Shining One
Beogh
Jiyva
Lugonu

Shops:
D =[


Innate Abilities, Weirdness & Mutations

You are partially covered in large bone plates (AC +2, SH +2).
Scrolls take you a little longer to read.
You are dopey. (Int -2)
You are resistant to hostile enchantments.


Message History

The orc wizard blinks!
The blue devil barely misses you.
The orc sorcerer casts a spell.
Read which item? (? for menu, Esc to quit)
You block the blue devil's attack.
The orc sorcerer mumbles some strange words.
You begin reading the scroll.
You continue reading the scroll.
Xom titters.
You are confused.
The sun demon hits you!
You are engulfed in flames!
* * * LOW HITPOINT WARNING * * *
The blue devil hits you but does no damage.
You're too confused!
Drink which item? (? for menu, Esc to quit)
You feel better. You block the sun demon's attack. The blue devil hits you!
* * * LOW HITPOINT WARNING * * *
The sun demon hits you!
* * * LOW HITPOINT WARNING * * *
You are engulfed in flames!
You die...
Xom laughs nastily!

▓.▓.▓.▓.▓o▓
▓.▓.▓.▓.▓o▓
▓.▓.▓.▓.▓o▓
▓)▓.▓.▓)▓o▓
▓|▓.▓.▓.▓{▓
▓.▓.▓'▓.▓o▓
∆
▓.▓.▓.▓.▓4▓
∆
▓'▓.▓.▓.▓3▓
∆
▓_▓.▓.▓.▓@▓
∆
▓_▓.▓.▓.▓4▓
▓_▓.▓.▓.▓)▓
∆
▓_▓.▓.▓.▓.▓
∆
▓_▓.▓.▓.▓)▓
∆
▓_▓.▓.▓.▓)▓
∆
▓_▓.▓÷▓.▓)▓
▓_▓.▓'▓.▓)▓
∆
▓_▓.▓.▓.▓)▓
∆


You could see a sun demon, a rust devil, a blue devil, an orc sorcerer and 4 orc
wizards.

Vanquished Creatures
  A death yak (D)
  An orc knight (D)
  A griffon (D)
  An orc sorcerer (D)
  A black mamba (D)
  3 spiny frogs (D)
  A fire drake (D)
  2 trolls (D)
  A two-headed ogre (D)
  5 polar bears (D)
  A deep elf mage (D)
  Eustachio (D)
  2 wolves (D)
  9 orc warriors (D)
  4 black bears (D)
  A phantom (D)
  2 crocodiles (D)
  2 small abominations (D)
  A giant frog (D)
  A killer bee (D)
  A quasit (D)
  2 hounds (D)
  5 orc priests (D)
  6 orc wizards (D)
  2 sheep (D)
  A white imp (D)
  A river rat (D)
  3 orc zombies (D)
  A giant gecko (D)
  7 orcs (D)
  2 bats (D)
  3 kobolds (D)
  2 quokkas (D)
  4 rats (D)
81 creatures vanquished.

Vanquished Creatures (collateral kills)
  An orc warrior (D)
1 creature vanquished.

Vanquished Creatures (others)
  An orange demon (D)
  A komodo dragon (D)
  A crocodile (D)
  An iron imp (D)
  A shadow imp (D)
  An ufetubus (D)
  A butterfly (D)
7 creatures vanquished.

Grand Total: 89 creatures vanquished

Notes
Turn   | Place    | Note
--------------------------------------------------------------
     0 | D        | Monkaria, the Hill Orc Fighter, began the quest for the Orb.
     0 | D        | Reached XP level 1. HP: 19/19 MP: 1/1
    11 | D        | Reached skill level 4 in Fighting
    52 | D        | Reached XP level 2. HP: 28/28 MP: 2/2
    68 | D        | Found a glowing silver altar of Zin.
    68 | D        | Found a glowing golden altar of the Shining One.
    68 | D        | Found an ancient bone altar of Kikubaaqudgha.
    68 | D        | Found a basalt altar of Yredelemnul.
    68 | D        | Found a shimmering altar of Xom.
    68 | D        | Found a radiant altar of Vehumet.
    68 | D        | Found an iron altar of Okawaru.
    69 | D        | Found a burning altar of Makhleb.
    70 | D        | Found a deep blue altar of Sif Muna.
    71 | D        | Found a bloodstained altar of Trog.
    72 | D        | Found a sparkling altar of Nemelex Xobeh.
    73 | D        | Found a white marble altar of Elyvilon.
    74 | D        | Found a roughly hewn altar of Beogh.
    75 | D        | Found a viscous altar of Jiyva.
    76 | D        | Found a corrupted altar of Lugonu.
    77 | D        | Found a blossoming altar of Fedhas.
    78 | D        | Found a snail-covered altar of Cheibriados.
    79 | D        | Found a shadowy altar of Dithmenos.
    80 | D        | Found a stormy altar of Qazlal.
    81 | D        | Found an opulent altar of Gozag.
    82 | D        | Found a sacrificial altar of Ru.
   151 | D        | Became a worshipper of Xom of Chaos
   178 | D        | Noticed a giant frog
   178 | D        | Noticed a troll
   178 | D        | Noticed a killer bee
   178 | D        | Noticed a quasit
   178 | D        | Noticed a crocodile
   179 | D        | XOM: butterfly on damage
   183 | D        | Killed a killer bee
   183 | D        | Reached skill level 6 in Fighting
   183 | D        | Reached skill level 7 in Long Blades
   183 | D        | Reached XP level 3. HP: 19/38 MP: 3/3
   183 | D        | Reached XP level 4. HP: 22/45 MP: 4/4
   184 | D        | Killed a crocodile
   184 | D        | Reached skill level 9 in Long Blades
   184 | D        | Reached XP level 5. HP: 24/53 MP: 5/5
   186 | D        | XOM: potion effect (might)
   190 | D        | Killed a quasit
   191 | D        | Killed a troll
   191 | D        | Reached skill level 10 in Fighting
   191 | D        | Reached skill level 12 in Long Blades
   191 | D        | Reached XP level 6. HP: 25/66 MP: 6/6
   194 | D        | Killed a giant frog
   194 | D        | Reached XP level 7. HP: 28/73 MP: 7/7
   406 | D        | Noticed a deep elf mage
   406 | D        | Noticed a troll
   406 | D        | Noticed a two-headed ogre
   406 | D        | Noticed a griffon
   406 | D        | Noticed a black bear
   406 | D        | Noticed a phantom
   412 | D        | Killed a black bear
   412 | D        | Reached skill level 13 in Long Blades
   414 | D        | XOM: harmless Summ miscast
   422 | D        | Killed a griffon
   422 | D        | Reached skill level 14 in Long Blades
   422 | D        | Reached XP level 8. HP: 17/83 MP: 8/8
   428 | D        | XOM: potion effect (berserk rage)
   431 | D        | Killed a deep elf mage
   431 | D        | Reached skill level 15 in Long Blades
   431 | D        | XOM: swap monsters
   436 | D        | Killed a troll
   440 | D        | Killed a two-headed ogre
   440 | D        | Reached skill level 16 in Long Blades
   446 | D        | Killed a phantom
   542 | D        | XOM: noise
   857 | D        | Got the amulet of Undoing {rCorr rC++ Dex+4 Slay-4}
   872 | D        | Noticed a spiny frog
   872 | D        | Noticed a hound
   872 | D        | Noticed a spiny frog
   872 | D        | Noticed a hound
   876 | D        | Noticed a crocodile
   877 | D        | Killed a hound
   878 | D        | XOM: potion effect (haste)
   888 | D        | Noticed a death yak
   888 | D        | Killed a spiny frog
   888 | D        | Reached XP level 9. HP: 77/94 MP: 9/9
   894 | D        | XOM: potion effect (curing)
   897 | D        | Killed a hound
   904 | D        | Killed a spiny frog
   904 | D        | Reached skill level 17 in Long Blades
   907 | D        | XOM: blink monster(s)
   908 | D        | Killed a crocodile
   914 | D        | XOM: fog
   917 | D        | XOM: harmless Divn miscast
   920 | D        | Killed a death yak
   920 | D        | Reached skill level 15 in Fighting
   920 | D        | Reached skill level 18 in Long Blades
  1120 | D        | XOM: god gift: leather armour {god gift}
  1198 | D        | XOM: give mutations
  1198 | D        | Gained mutation: You are dopey. (Int -2) [Xom's mischief]
  1198 | D        | Gained mutation: You are partially covered in large bone plates (AC +2, SH +2). [Xom's mischief]
  1198 | D        | Gained mutation: Scrolls take you a little longer to read. [Xom's mischief]
  1244 | D        | XOM: give mutation
  1244 | D        | Gained mutation: You are resistant to hostile enchantments. [Xom's mischief]
  1440 | D        | Noticed a black mamba
  1440 | D        | Noticed a fire drake
  1440 | D        | Noticed a komodo dragon
  1440 | D        | Noticed a crocodile
  1440 | D        | Noticed a spiny frog
  1440 | D        | Noticed a wolf
  1441 | D        | Killed a wolf
  1442 | D        | Noticed a wolf
  1449 | D        | Killed a spiny frog
  1449 | D        | Reached XP level 10. HP: 77/105 MP: 10/10
  1450 | D        | Killed a crocodile
  1450 | D        | Killed a komodo dragon
  1450 | D        | XOM: divine lightning (protected)
  1461 | D        | Killed a fire drake
  1463 | D        | Killed a black mamba
  1464 | D        | Killed a wolf
  1538 | D        | XOM: medium Summ miscast
  1723 | D        | XOM: severe Divn miscast
  1794 | D        | Noticed a polar bear
  1794 | D        | Noticed a polar bear
  1794 | D        | Noticed a polar bear
  1794 | D        | Noticed a polar bear
  1794 | D        | Noticed a black bear
  1794 | D        | Noticed a black bear
  1794 | D        | Noticed a black bear
  1794 | D        | XOM: summons 3 friendly demons
  1804 | D        | Noticed a polar bear
  1804 | D        | Killed a black bear
  1804 | D        | Reached skill level 10 in Armour
  1804 | D        | XOM: summons 1 hostile demon
  1810 | D        | Killed a polar bear
  1810 | D        | XOM: potion effect (might)
  1811 | D        | XOM: noise
  1813 | D        | XOM: enchant monster (good)
  1818 | D        | Killed a polar bear
  1820 | D        | Killed a polar bear
  1822 | D        | XOM: blink monster(s)
  1825 | D        | Killed a polar bear
  1826 | D        | XOM: noise
  1829 | D        | XOM: enchant monster (bad)
  1830 | D        | Killed a polar bear
  1830 | D        | XOM: enchant monster (bad)
  1835 | D        | Killed a black bear
  1837 | D        | Killed a black bear
  2061 | D        | XOM: mild Hex miscast
  2197 | D        | XOM: harmless Trmt miscast
  2503 | D        | Noticed Eustachio
  2515 | D        | XOM: enchant monster (bad)
  2523 | D        | Killed Eustachio
  2541 | D        | XOM: divination: detect items
  2831 | D        | XOM: harmless Necr miscast
  3029 | D        | Noticed an orc priest
  3029 | D        | Noticed an orc priest
  3029 | D        | Noticed an orc wizard
  3029 | D        | Noticed an orc wizard
  3032 | D        | Killed an orc wizard
  3037 | D        | Killed an orc wizard
  3039 | D        | Noticed an orc priest
  3040 | D        | XOM: blink monster(s)
  3041 | D        | Killed an orc priest
  3047 | D        | Killed an orc priest
  3050 | D        | Noticed an orc wizard
  3057 | D        | Killed an orc priest
  3058 | D        | Noticed an orc priest
  3065 | D        | Killed an orc wizard
  3068 | D        | Killed an orc priest
  3623 | D        | Noticed an orc warrior
  3623 | D        | Noticed an orc knight
  3623 | D        | Noticed an orc warrior
  3623 | D        | Noticed an orc warrior
  3623 | D        | Noticed an orc warrior
  3623 | D        | Noticed an orc warrior
  3623 | D        | Noticed an orc warrior
  3625 | D        | Killed an orc warrior
  3626 | D        | Noticed an orc warrior
  3627 | D        | Killed an orc warrior
  3627 | D        | Killed an orc warrior
  3627 | D        | XOM: harmless Chrm miscast
  3628 | D        | Noticed an orc warrior
  3629 | D        | XOM: blink monster(s)
  3631 | D        | Killed an orc warrior
  3632 | D        | Noticed an orc priest
  3634 | D        | Noticed an orc warrior
  3637 | D        | Noticed an orc warrior
  3638 | D        | XOM: enchant monster (good)
  3640 | D        | Killed an orc knight
  3641 | D        | Killed an orc warrior
  3641 | D        | Reached XP level 11. HP: 97/112 MP: 11/11
  3643 | D        | Killed an orc warrior
  3653 | D        | Killed an orc warrior
  3653 | D        | Reached skill level 15 in Armour
  3668 | D        | Killed an orc warrior
  3668 | D        | Killed an orc priest
  3671 | D        | Killed an orc warrior
  3675 | D        | Killed an orc warrior
  3910 | D        | Found Mnukun's Armour Boutique.
  3910 | D        | Noticed an orc sorcerer
  3910 | D        | Noticed an orc sorcerer
  3910 | D        | Noticed an orc wizard
  3910 | D        | Noticed an orc wizard
  3910 | D        | Noticed an orc wizard
  3910 | D        | Noticed an orc wizard
  3911 | D        | Killed an orc wizard
  3911 | D        | XOM: chaos upgrade
  3913 | D        | Killed an orc wizard
  3914 | D        | Found Joel's Jewellery Shop.
  3918 | D        | Killed an orc wizard
  3922 | D        | XOM: divine lightning
  3924 | D        | Noticed an orc wizard
  3926 | D        | Noticed an orc wizard
  3936 | D        | Noticed an orc wizard
  3939 | D        | XOM: noise
  3946 | D        | Killed an orc sorcerer
  3947 | D        | Noticed a sun demon
  3948 | D        | XOM: confusion
  3949 | D        | Noticed an orc wizard
  3949 | D        | Slain by a sun demon

Action                   |  1- 3 |  4- 6 |  7- 9 | 10-12 || total
-------------------------+-------+-------+-------+-------++-------
Melee: Long sword        |    24 |       |       |       ||    24
       Scimitar          |     1 |    10 |    86 |   161 ||   258
Evoke: Wand              |     1 |     2 |       |     4 ||     7
  Use: Scroll            |       |       |     1 |     1 ||     2
       Potion            |       |       |       |     3 ||     3
  Eat: Chunk             |       |       |     2 |     8 ||    10
